 Dungeon Crawl Stone Soup version 0.28-a0-863-g8cecda6153 (webtiles) character file.

Game seed: 1946234173661045048

937 demibob the Cruncher (level 7, -1/50 HPs)
             Began as a Demonspawn Gladiator on Nov 19, 2021.
             Slain by a kobold brigand (5 damage)
             ... in a sewer.
             The game lasted 00:09:49 (4579 turns).

demibob the Cruncher (Demonspawn Gladiator)         Turns: 4579, Time: 00:09:49

Health: -1/50      AC:  5    Str: 16    XL:     7   Next: 87%
Magic:  7/7        EV: 12    Int: 15    God:
Gold:   198        SH:  0    Dex: 15    Spells: 6/6 levels left

rFire   . . .      SeeInvis .   a - +0 quarterstaff
rCold   . . .      Faith    .   (shield currently unavailable)
rNeg    . . .      Spirit   .   b - +0 leather armour
rPois   .          Reflect  .   c - +1 helmet
rElec   .          Harm     .   (no cloak)
rCorr   .          Rampage  .   (no gloves)
Will    .....                   (no boots)
Stlth   +.........              (no amulet)
HPRegen 0.16/turn               I - +6 ring of intelligence
MPRegen 0.10/turn               (no ring)

@: on berserk cooldown, slowed, invisible, very slow
A: weakness stinger 2
a: no special abilities


You were in a sewer.
You visited 1 branch of the dungeon, and saw 5 of its levels.
You also visited: Sewer.

You collected 198 gold pieces.


Innate Abilities, Weirdness & Mutations

You have a tail ending in a sharp stinger.


   Skills:
 - Level 2.0 Fighting
 + Level 8.8 Staves
 - Level 1.7 Throwing
 - Level 2.6 Dodging


You had 6 spell levels left.
You didn't know any spells.
Your spell library was empty.

Inventory:

Hand Weapons
 a - a +0 quarterstaff (weapon)
Missiles
 d - 3 throwing nets (quivered) {=f}
 j - 32 poisoned darts
Armour
 b - a +0 leather armour (worn)
 c - a +1 helmet (worn)
Jewellery
 I - a +6 ring of intelligence (left hand)
Scrolls
 h - a scroll of fear {unknown}
Potions
 e - a potion of mutation {unknown}
 f - a potion of lignification {unknown}
 g - a potion of invisibility
 k - a potion of flight

Dungeon Overview and Level Annotations

Branches:
Dungeon (5/15)              Sewer (1/1)
 Temple: D:4-7

Altars:
Cheibriados
Elyvilon
Okawaru
Wu Jian
The Shining One

Shops:
D:1

[([* ## ## ▒▒▒▒▒
#.#.# ▒▒...▒▒ ▒
#..≈## ▒≈...≈▒▒▒▒▒
#..?≈ ▒≈....≈†≈≈≈
≈)≈ ▒..≈.≈▒▒▒▒▒ #≈#
▒▒...▒▒ ▒ #B# ▒▒≈▒▒
#K# ▒≈▒ #@# ▒≈▒
▒▒.▒▒ ▒▒≈▒▒ ▒▒≈..▒▒
▒▒...▒▒ ▒
▒.....▒▒▒▒≈.≈..▒▒▒▒▒
▒.≈...≈≈†≈.≈≈.≈≈≈≈≈≈
▒.≈≈.≈▒▒▒▒.....▒▒▒▒▒
▒▒.≈.▒▒ ▒▒.≈.▒▒ ▒
▒▒≈▒▒ ▒▒≈▒▒ ▒≈▒ ▒≈▒


You could see a kobold brigand (ally target) and a friendly giant cockroach
(summoned).


Message History

Your giant cockroach closely misses the kobold brigand.
Your quokka barely misses the kobold brigand.
The kobold brigand completely misses your quokka.
You feel a strong urge to attack something.
Your giant cockroach bites the kobold brigand but does no damage.
Your quokka bites the kobold brigand.
The kobold brigand hits your quokka with a +0 dagger.
Your quokka dies!
Your quokka's corpse dissolves into shadows!
Your giant cockroach barely misses the kobold brigand.
The kobold brigand shouts!
You feel your anger nearly subside.
Your giant cockroach closely misses the kobold brigand.
The kobold brigand hits your giant cockroach with a +0 dagger.
You are no longer berserk.
You are exhausted.
You feel yourself slow down.
You strike the helpless kobold brigand from behind!
You hit the kobold brigand.
The kobold brigand is moderately wounded.
Your giant cockroach barely misses the kobold brigand.
The kobold brigand misses you.
Your giant cockroach misses the kobold brigand.
The kobold brigand hits you with a +0 dagger.
* * * LOW HITPOINT WARNING * * *
You closely miss the kobold brigand.
The kobold brigand is moderately wounded.
Your giant cockroach barely misses the kobold brigand.
The kobold brigand hits you with a +0 dagger.
You die...

Skill      XL: |  1  2  3  4  5  6  7 |
---------------+----------------------+-----
Staves         | 3 4 6 7 8 |  8.8
Fighting       | |  2.0
Throwing       | |  1.7
Dodging        | |  2.6

Action                   |  1- 3 |  4- 6 |  7- 9 || total
-------------------------+-------+-------+-------++-------
Melee: Quarterstaff      |    77 |    70 |   126 ||   273
       Tailslap          |    12 |     5 |    15 ||    32
  Use: Scroll            |     3 |     2 |     2 ||     7
       Potion            |       |     2 |     6 ||     8
 Stab: Sleeping          |     1 |       |     1 ||     2
       Invisible         |       |       |     1 ||     1
Armor: Leather armour    |    21 |    14 |    25 ||    60
Dodge: Dodged            |    50 |    35 |    67 ||   152

Levels and vault maps discovered:
D:1:      erik_arrival_blinker_ship, layout_loops_ring, serial_glass,
          glass_columns_a, glass_columns_a, glass_columns_b, glass_columns_b,
          nicolae_ecumenical_lake_church, serial_shops,
          nicolae_shop_window_shopping, shop, nicolae_shop_hallway_stairs,
          nicolae_shop_temple_entry_statues_fountains
D:2:      layout_loops_ring, fountainhead,
          nicolae_concentric_dashed_squares_wild, st_stairs_1,
          minmay_misc_feat_room, minmay_misc_feat_doors, minmay_strange_pillars
D:3:      layout_basic, uniq_grinder
D:4:      layout_basic, minitemple, minmay_temple_entry_grid, serial_shops,
          nicolae_take_the_stairs, st_stairs_3, uniq_sigmund,
          uniq_crazy_yiuf_cottage
D:5:      layout_loops_corners, nicolae_tso_swordbearing_angel,
          mainiacjoe_overflow_surrounded_room, cheibrodos_sewer_entry_drain,
          uniq_prince_ribbit1
Sewer:    sewer_co_15_rooms

Notes
Turn   | Place    | Note
-------+----------+-------------------------------------------
     0 | D:1      | demibob the Demonspawn Gladiator began the quest for the
                  | Orb.
     0 | D:1      | Reached XP level 1. HP: 16/16 MP: 1/1
    14 | D:1      | Found Tuidd's Antique Armour Emporium.
   135 | D:1      | Reached skill level 3 in Staves
   171 | D:1      | Found Mymeh's Assorted Antiques.
   193 | D:1      | Gained mutation: You have a small tail. [demonic ancestry]
   193 | D:1      | Reached XP level 2. HP: 22/22 MP: 2/2
   293 | D:1      | Found Riptixu's Antique Armour Shoppe.
   668 | D:1      | Found a faded altar of an unknown god.
   703 | D:1      | Found Verradd's Weapon Boutique.
   841 | D:2      | Reached XP level 3. HP: 27/27 MP: 3/3
   883 | D:2      | Reached skill level 4 in Staves
  1552 | D:2      | Gained mutation: You have a tail ending in a sharp stinger.
                  | [demonic ancestry]
  1552 | D:2      | Reached XP level 4. HP: 32/33 MP: 4/4
  2386 | D:3      | Noticed Grinder
  2398 | D:3      | Killed Grinder
  2399 | D:3      | Reached skill level 6 in Staves
  2399 | D:3      | Reached XP level 5. HP: 25/38 MP: 5/5
  2399 | D:3      | Reached XP level 6. HP: 29/44 MP: 6/6
  2901 | D:4      | Found an ornate altar of the Wu Jian Council.
  2909 | D:4      | Found a snail-covered altar of Cheibriados.
  2911 | D:4      | Found an iron altar of Okawaru.
  2926 | D:4      | Noticed Sigmund
  2933 | D:4      | Killed Sigmund
  2934 | D:4      | Reached skill level 7 in Staves
  2934 | D:4      | Reached XP level 7. HP: 42/50 MP: 7/7
  3444 | D:4      | Reached skill level 8 in Staves
  3594 | D:5      | Entered Level 5 of the Dungeon
  4216 | D:5      | Found a glowing drain.
  4251 | Sewer    | Entered a sewer
  4557 | Sewer    | HP: 3/50 [kobold brigand (3)]
  4578 | Sewer    | HP: 4/50 [kobold brigand (3)]
  4579 | Sewer    | Slain by a kobold brigand

Vanquished Creatures
  Grinder (D:3)
  Sigmund (D:4)
  An ice beast (D:5)
  A necrophage (D:4)
  An ogre (D:4)
  A scorpion (D:4)
  A bullfrog zombie (D:5)
  A hound (D:4)
  An orc priest (D:5)
  An orc wizard (D:5)
  7 adders
  A river rat (Sewer)
  A worm (D:2)
  2 dart slugs
  13 orcs
  6 bats
  4 endoplasms
  2 giant cockroaches
  5 goblins
  4 hobgoblins
  8 jackals
  10 kobolds
  9 ball pythons
  2 frilled lizards
  7 rats
91 creatures vanquished.

Vanquished Creatures (collateral kills)
  A kobold (Sewer)
1 creature vanquished.

Grand Total: 92 creatures vanquished

Table legend: (Time is in decaauts)
 A = Elapsed time spent in this place.
 B = Non-inter-level travel time spent in this place.
 C = Inter-level travel time spent in this place.
 D = Time resting spent in this place.
 E = Time spent auto-exploring this place.
 F = Levels seen in this place.
 G = Mean time per level.
                   A        B        C        D        E       F      G
               +--------+--------+--------+--------+--------+-----+--------+
         Total |   4546 |   4486 |     60 |    357 |   3360 |   6 |  757.7 |
       Dungeon |   4203 |   4143 |     60 |    152 |   3324 |   5 |  840.6 |
         Sewer |    343 |    343 |      0 |    205 |     36 |   1 |  343.0 |
               +--------+--------+--------+--------+--------+-----+--------+

Top non-repeatable levels by time:
     D:2: 1030 daAuts
     D:4: 937 daAuts
     D:1: 828 daAuts
     D:3: 764 daAuts
     D:5: 643 daAuts
   Sewer: 343 daAuts

Table legend:
 A = Non-vault XP
 B = Vault XP
 C = Vault XP percentage of total XP
 D = Non-vault monster count
 E = Vault monster count
 F = Vault count percentage of total count
                 A         B        C        D         E       F
            +---------+---------+-------+---------+---------+-------
      Total |     689 |     650 |  48.5 |      73 |      19 |  20.7
            +---------+---------+-------+---------+---------+-------
        D:1 |      34 |       0 |   0.0 |      19 |       0 |   0.0
        D:2 |      84 |       4 |   4.5 |      21 |       2 |   8.7
        D:3 |      21 |     267 |  92.7 |      10 |       1 |   9.1
        D:4 |     292 |     338 |  53.7 |      16 |       3 |  15.8
        D:5 |     258 |       4 |   1.5 |       7 |       3 |  30.0
      Sewer |       0 |      37 | 100.0 |       0 |      10 | 100.0
            +---------+---------+-------+---------+---------+-------
